 Dungeon Crawl Stone Soup version 0.21.1-1-g345015fe64 (webtiles) character file.

2913 HivePlant the Geomancer (level 9, 55/55 HPs)
             Began as a Gargoyle Earth Elementalist on July 12, 2018.
             Quit the game in the Ecumenical Temple.
             The game lasted 00:29:19 (6554 turns).

HivePlant the Geomancer (GrEE)                      Turns: 6554, Time: 00:29:19

Health: 55/55      AC: 12    Str: 13    XL:     9   Next: 78%
Magic:  18/18      EV: 12    Int: 18    God:
Gold:   146        SH:  0    Dex: 10    Spells: 12/20 levels left

rFire    . . .     SeeInvis .   h - +2 dagger (drain)
rCold    . . .     Gourm    .   (no shield)
rNeg     + . .     Faith    .   c - +0 robe
rPois    ∞         Spirit   .   E - +0 helmet
rElec    +         Reflect  .   A - +0 cloak
rCorr    .         Harm     .   u - +0 pair of gloves
MR       .....                  (no boots)
Stlth    +++.......             (no amulet)
HPRegen  0.18/turn              l - ring of stealth
MPRegen  0.16/turn              (no ring)

@: no status effects
A: negative energy resistance 1, electricity resistance, unbreathing,
petrification resistance, rot immunity, AC +6
a: no special abilities


You were in the Ecumenical Temple.
You were hungry.

You visited 2 branches of the dungeon, and saw 8 of its levels.
You also visited: Sewer.

You collected 406 gold pieces.
You spent 260 gold pieces at shops.

Inventory:

Hand Weapons
 h - a +2 dagger of draining (weapon)
Missiles
 b - 111 stones (quivered)
Armour
 c - a +0 robe (worn)
 u - a +0 pair of gloves (worn)
 A - a +0 cloak (worn)
 E - a +0 helmet (worn)
Magical Staves
 K - a cursed staff of conjuration {unknown}
Jewellery
 k - a cursed ring of loudness {unknown}
 l - a ring of stealth (left hand)
 D - a cursed ring of teleportation {unknown}
Wands
 t - a wand of paralysis (9)
 G - a wand of polymorph (8)
 J - a wand of acid (9)
Scrolls
 a - a scroll of magic mapping
 j - 3 scrolls of remove curse
 m - 3 scrolls of fear {unknown}
 q - 3 scrolls of teleportation {unknown}
 r - 2 scrolls of enchant weapon {unknown}
 s - 2 scrolls of fog {unknown}
 y - 3 scrolls of identify {unknown}
 z - a scroll of amnesia {unknown}
 I - a scroll of immolation {unknown}
Potions
 f - 3 potions of flight {unknown}
 g - 2 potions of magic {unknown}
 i - 2 potions of lignification {unknown}
 n - 7 potions of heal wounds {unknown}
 o - a potion of degeneration {unknown}
 p - 2 potions of mutation {unknown}
 v - 2 potions of curing {unknown}
 w - a potion of might {unknown}
 B - a potion of haste {unknown}
 C - a potion of resistance
Books
 e - a book of Geomancy

   Spells                             Type                      Level
   a - Sandblast                      Earth                        1
   b - Passwall                       Transmutation/Earth          2
   c - Stone Arrow                    Conjuration/Earth            3
   d - Petrify                        Transmutation/Earth          4
   e - Lee's Rapid Deconstruction     Earth                        5
 x - a book of Minor Magic

   Spells                             Type                      Level
   a - Magic Dart                     Conjuration                  1
   b - Blink                          Translocation                2
   c - Call Imp                       Summoning                    2
   d - Slow                           Hexes                        2
   e - Conjure Flame                  Conjuration/Fire             3
   f - Mephitic Cloud                 Conjuration/Poison/Air       3
 H - a book of Battle

   Spells                             Type                      Level
   a - Infusion                       Charms                       1
   b - Shroud of Golubria             Charms/Translocation         2
   c - Song of Slaying                Charms                       2
   d - Spectral Weapon                Hexes/Charms                 3
   e - Regeneration                   Charms/Necromancy            3
Miscellaneous
 F - a crystal ball of energy
Comestibles
 d - 8 rations


   Skills:
 - Level 5.7 Fighting
 + Level 3.5 Armour
 - Level 1.5 Dodging
 - Level 2.1 Stealth
 + Level 6.1 Spellcasting
 + Level 4.6 Translocations
   Level 0.7 Transmutations
 - Level 9.6 Earth Magic
 + Level 2.4 Evocations


You had 12 spell levels left.
You knew the following spells:

 Your Spells              Type           Power        Failure   Level  Hunger
a - Sandblast             Erth           #####.       1%          1    None
b - Lee's Rapid Deconstr  Erth           #####.....   6%          5    #####..
c - Blink                 Tloc           N/A          2%          2    None


Dungeon Overview and Level Annotations

Branches:
Dungeon (7/15)             Temple (1/1) D:7

Altars:
Ashenzari
Cheibriados
Dithmenos
Elyvilon
Fedhas
Gozag
Hepliaklqana
Kikubaaqudgha
Makhleb
Nemelex Xobeh
Okawaru
Qazlal
Ru
Sif Muna
Trog
Uskayaw
Vehumet
Wu Jian
Xom
Yredelemnul
Zin
The Shining One

Shops:
D:7 }

Annotations:
D:3 exclusion: downstairs, dingdong's ghost, amateur HOMo
D:4 Grinder; Sigmund
D:6 2 transporters, exclusions: downstairs and 2 slaves


Innate Abilities, Weirdness & Mutations

You are resistant to torment.
Your stone body is resilient. (AC +6)
You are immune to poison.
You resist negative energy. (rN+)
You are resistant to electric shocks. (rElec)
You can survive without breathing.
You are immune to petrification.
You are immune to rotting.


Message History

There is a hazy altar of Hepliaklqana here.
Found a snail-covered altar of Cheibriados.
Found a shattered altar of Ashenzari and a glowing silver altar of Zin.
Found an iron altar of Okawaru.
Found a shadowy altar of Dithmenos.
Found a blossoming altar of Fedhas.
There is an iron altar of Okawaru here.
Found a bloodstained altar of Trog.
Found a sparkling altar of Nemelex Xobeh.
Found an ancient bone altar of Kikubaaqudgha and a shimmering altar of Xom.
There is a bloodstained altar of Trog here.
Done exploring.
Done exploring.
Done exploring.
Done exploring.
Done exploring.
Done exploring.
Done exploring.
Done exploring.
Are you sure you want to abandon this character and quit the game? (Confirm with "yes".)

♣♣♣♣♣♣♣ ♣♣.....♣♣♣
.........♣♣♣♣
............♣♣♣
....<.....♣♣..♣♣
..........♣♣♣♣.♣♣♣♣♣♣
.........♣♣
♣♣♣.....♣♣♣
♣♣.....♣♣♣
♣♣...@._...♣♣ ♣♣♣♣♣♣♣
♣...........♣
♣.._..⌠..._.♣
♣...........♣
♣♣......_..♣♣
♣♣♣......♣♣ ♣♣♣♣♣.♣♣
♣ ♣♣♣♣♣♣♣♣♣♣.♣♣ ♣♣
♣♣......♣♣.♣♣


There were no monsters in sight!

Vanquished Creatures
  Joseph (D:7)
  A hippogriff (D:6)
  2 ice beasts (D:5)
  An orc warrior (D:5)
  3 sky beasts
  A phantom (D:4)
  2 ogres
  A centaur (D:5)
  4 big kobolds
  Blork the orc (D:6)
  A bullfrog (D:7)
  A scorpion (D:5)
  4 killer bees (D:7)
  2 crimson imps
  A centaur zombie (D:5)
  3 hounds
  4 orc priests
  Crazy Yiuf (D:5)
  5 worker ants
  An iguana (D:6)
  4 orc wizards
  A killer bee zombie (D:7)
  A hound skeleton (D:6)
  A howler monkey skeleton (D:7)
  7 adders
  2 river rats (Sewer)
  A shadow imp (D:6)
  An ooze (D:1)
  2 adder zombies
  2 adder skeletons
  5 worms
  A dart slug (D:3)
  7 leopard geckos
  22 orcs
  A ball python (D:4)
  7 giant cockroaches
  8 hobgoblins
  6 jackals
  17 kobolds
  4 quokkas
  A ball python zombie (D:5)
  7 bats
  3 frilled lizards
  2 goblins (D:1)
  A jackal zombie (D:5)
  A leopard gecko zombie (D:5)
  10 rats
165 creatures vanquished.

Notes
Turn   | Place    | Note
-------+----------+-------------------------------------------
     0 | D:1      | HivePlant the Gargoyle Earth Elementalist began the quest for the Orb.
     0 | D:1      | Reached XP level 1. HP: 10/10 MP: 3/3
   119 | D:1      | Reached skill level 4 in Earth Magic
   180 | D:1      | Reached XP level 2. HP: 15/15 MP: 5/5
   748 | D:2      | Found a basalt altar of Yredelemnul.
   749 | D:2      | Reached skill level 5 in Earth Magic
   749 | D:2      | Reached XP level 3. HP: 19/19 MP: 4/6
   959 | D:2      | Found a white marble altar of Elyvilon.
   959 | D:2      | Found a burning altar of Makhleb.
   959 | D:2      | Found a radiant altar of Vehumet.
   973 | D:2      | Found a deep blue altar of Sif Muna.
   980 | D:2      | Found a glowing golden altar of the Shining One.
   986 | D:2      | Found an ornate altar of the Wu Jian Council.
  1030 | D:2      | Found a stormy altar of Qazlal.
  1490 | D:3      | Noticed dingdong's ghost (amateur HOMo)
  1551 | D:3      | Found a glowing drain.
  1581 | D:3      | Reached XP level 4. HP: 23/24 MP: 2/7
  1594 | Sewer    | Entered a sewer
  1598 | Sewer    | Reached skill level 6 in Earth Magic
  1675 | Sewer    | Noticed a big kobold
  1693 | Sewer    | Killed a big kobold
  1693 | Sewer    | Reached skill level 7 in Earth Magic
  1693 | Sewer    | Reached XP level 5. HP: 27/28 MP: 2/8
  1777 | Sewer    | Found a glowing silver altar of Zin.
  2252 | D:3      | Reached XP level 6. HP: 32/32 MP: 4/9
  2473 | D:3      | Reached skill level 8 in Earth Magic
  2785 | D:4      | Found an opulent altar of Gozag.
  2841 | D:4      | Reached skill level 9 in Earth Magic
  2841 | D:4      | Reached XP level 7. HP: 27/36 MP: 5/10
  2848 | D:4      | Learned a level 5 spell: Lee's Rapid Deconstruction
  2977 | D:4      | Noticed Grinder
  3062 | D:4      | Noticed Sigmund
  3253 | D:5      | Entered Level 5 of the Dungeon
  3540 | D:5      | Reached skill level 1 in Armour
  3558 | D:5      | Reached skill level 1 in Fighting
  3791 | D:5      | Reached XP level 8. HP: 36/45 MP: 4/13
  3850 | D:5      | Learned a level 2 spell: Blink
  3971 | D:5      | Reached skill level 1 in Translocations
  4065 | D:5      | Found a runed door.
  4175 | D:5      | Noticed Crazy Yiuf
  4181 | D:5      | Killed Crazy Yiuf
  4467 | D:6      | Found a transporter.
  4473 | D:6      | Noticed Blork the orc
  4475 | D:6      | Killed Blork the orc
  4504 | D:6      | Found a transporter.
  5433 | D:7      | Noticed Joseph
  5465 | D:7      | Noticed a hippogriff
  5478 | D:6      | Killed a hippogriff
  5478 | D:6      | Reached skill level 5 in Spellcasting
  5478 | D:6      | Reached XP level 9. HP: 35/53 MP: 7/16
  5673 | D:7      | Reached skill level 5 in Fighting
  5836 | D:7      | Found a sacrificial altar of Ru.
  5853 | D:7      | Found Cenaitoo's Gadget Emporium.
  5861 | D:7      | Bought a crystal ball of energy for 260 gold pieces
  5965 | D:7      | Reached skill level 1 in Evocations
  6065 | D:7      | Killed Joseph
  6454 | D:7      | Found a staircase to the Ecumenical Temple.
  6459 | Temple   | Entered the Ecumenical Temple
  6554 | Temple   | Quit the game

Skill      XL: |  1  2  3  4  5  6  7  8  9 |
---------------+----------------------------+-----
Earth Magic    | 4 5 7 9 |  9.6
Spellcasting   | 3 5 6 |  6.1
Armour         | 2 3 |  3.5
Fighting       | 2 4 5 |  5.7
Translocations | 3 4 |  4.6
Evocations     | 2 |  2.4
Dodging        | |  1.5
Stealth        | |  2.1
Transmutations | |  0.7

Action                   |  1- 3 |  4- 6 |  7- 9 || total
-------------------------+-------+-------+-------++-------
Melee: Unarmed           |    12 |       |       ||    12
       Dagger            |    50 |   114 |   229 ||   393
 Cast: Sandblast         |    19 |    23 |   120 ||   162
  Use: Scroll            |     1 |     3 |     1 ||     5
 Stab: Sleeping          |     2 |     8 |     6 ||    16
       Distracted        |       |       |     1 ||     1
  Eat: Chunk             |     2 |     4 |    12 ||    18
Armor: Robe              |    22 |    35 |   128 ||   185
       Skin              |       |       |    10 ||    10
Dodge: Dodged            |    44 |    62 |   163 ||   269
